[Event "*** Qualifier 3: Titled Tuesday 3|2 Blitz"]
[Site "Chess.com"]
[Date "2017.04.18"]
[Round "7"]
[White "MateusViageiro"]
[Black "Schemato"]
[Result "1-0"]
[WhiteElo "2300"]
[BlackElo "2240"]
[TimeControl "180+2"]
[EndTime "14:32:16 PDT"]
[Termination "MateusViageiro won by resignation"]

1. e4 e6 2. d4 d5 3. Nd2 Be7 4.
Ngf3 Nf6 5. Bd3 c5 6. c3 b6 7. O-O O-O 8. e5 Nfd7 9. Re1 f5 10. exf6 Nxf6 11. Nf1 Nc6 12. Bb5 Qc7 13. Ng3 Bd6 14. dxc5 bxc5 15. Qa4 Bd7 16. Qh4 Ne7 17. Bxd7 Qxd7 18.
Ng5 Ng6 19. Qh3 e5 20. Nf5 Rad8 21. Ne6 Rde8 22. Nxf8 Rxf8 23. Bg5 Ne4 24. Nh6+ gxh6 25. Qxd7 hxg5 26. Rxe4 1-0

[Event "*** Qualifier 3: Titled Tuesday 3|2 Blitz"]
[Site "Chess.com"]
[Date "2017.04.18"]
[Round "7"]
[White "Kubas1010"]
[Black "SwiftyMcBishop"]
[Result "1-0"]
[WhiteElo "2419"]
[BlackElo "2315"]
[TimeControl "180+2"]
[EndTime "14:32:36 PDT"]
[Termination "Kubas1010 won by resignation"]

1. d4 d5 2. c4 dxc4 3. Nf3 Nf6 4. e3 e6 5. Bxc4 c5 6. O-O cxd4 7. Qxd4 Qxd4 8. Nxd4 Be7 9. Nc3 O-O 10. Be2 a6 11. Bf3 Nbd7 12. Rd1 Rb8 13. b3 Ne5 14. Be2 b5 15. Bb2 Bb7 16. a4 b4 17. Nb1 Rfd8 18.
Nd2 Rbc8 19. Kf1 Nc6 20. Nc4 Nxd4 21. Bxd4 Ne4 22. Rac1 Bc5 23. Bb2 Rxd1+ 24. Rxd1 Kf8 25. Rc1 Ba7 26. f3 Nf6 27. e4 Nd7 28. Rd1 Rc7 29. Nd6 1-0

[Event "*** Qualifier 3: Titled Tuesday 3|2 Blitz"]
[Site "Chess.com"]
[Date "2017.04.18"]
[Round "7"]
[White "Robin-Side"]
[Black "FearlessKing64"]
[Result "1-0"]
[WhiteElo "2302"]
[BlackElo "2142"]
[TimeControl "180+2"]
[EndTime "14:32:42 PDT"]
[Termination "Robin-Side won by resignation"]

1. e4 c5 2. Nf3 d6 3. d4 cxd4 4.
Nxd4 Nf6 5. Nc3 a6 6. Be2 e5 7. Nb3 Be7 8. Be3 Be6 9. O-O Nbd7 10. f4 exf4 11. Rxf4 Ne5 12. Nd5 Bxd5 13. exd5 O-O 14. Qd2 Rc8 15. Raf1 Ng6 16. Rf5 Nh4 17. R5f4 Ng6 18.
Rb4 Qd7 19. c3 Rfe8 20. Bf3 Bf8 21. Na5 Rc7 22. Nc4 b5 23. Na5 Nxd5 24. Bxd5 Ne5 25.
Bd4 Qg4 26. Bxe5 1-0

[Event "*** Qualifier 3: Titled Tuesday 3|2 Blitz"]
[Site "Chess.com"]
[Date "2017.04.18"]
[Round "7"]
[White "XiaoKangZhong"]
[Black "CM_FM_IM_GM"]
[Result "1/2-1/2"]
[WhiteElo "1975"]
[BlackElo "2013"]
[TimeControl "180+2"]
[EndTime "14:32:44 PDT"]
[Termination "Game drawn by agreement"]

1. e4 c6 2. c4 d5 3. cxd5 cxd5 4. exd5 Nf6 5. Nc3 Nxd5 6. d4 Nc6 7. Nf3 Bg4 8. Be2 e6 9. h3 Bh5 10. Bg5 Be7 11.
Bxe7 Qxe7 12. Nxd5 exd5 13. O-O O-O 14. Re1 Qd6 15.
Qd2 Rfe8 16. Rad1 Re7 17. Ne5 Bxe2 18. Rxe2 Rae8 19. Rde1 f6 20. Nxc6 bxc6 21. Rxe7 Rxe7 22. Rxe7 Qxe7 23. Qe3 Qxe3 24. fxe3 Kf7 25. Kf2 Ke6 26. Kf3 a5 27. a4 h5 28. h4 g5 29. g3 Kf5 30. b3 g4+ 31. Kf2 Ke4 32. Ke2 f5 33. b4 axb4 34. a5 b3 35. Kd2 Kf3 36. a6 Kxg3 37. a7 Kh2 38. a8=Q g3 39. Qb8 Kh3 40. Qf4 g2 41. Qxf5+ Kh2 42. Qf2 Kh1 43. Qf3 Kh2 44. Qf4+ Kh1 45. Qf3 Kh2 46. Qf2 1/2-1/2

[Event "*** Qualifier 3: Titled Tuesday 3|2 Blitz"]
[Site "Chess.com"]
[Date "2017.04.18"]
[Round "7"]
[White "Grebeniuk-S"]
[Black "XDPS"]
[Result "1-0"]
[WhiteElo "2417"]
[BlackElo "2529"]
[TimeControl "180+2"]
[EndTime "14:32:46 PDT"]
[Termination "Grebeniuk-S won by resignation"]

1. d4 d5 2. c4 dxc4 3. e3 e5 4.
Bxc4 Nc6 5. Nf3 e4 6. Nfd2 Qg5 7. Kf1 Nf6 8. Nc3 Qg6 9. Nb5 Bd6 10. h4 h5 11. Be2 Bg4 12. Nc4 Nd5 13. Bxg4 hxg4 14.
h5 Rxh5 15. Rxh5 Qxh5 16. Ncxd6+ cxd6 17. Nxd6+ Ke7 18. Nxe4 Qh1+ 19. Ke2 Qxg2 20. Qc2 Qf3+ 21. Ke1 Qh1+ 22. Ke2 Nf4+ 23. Kd2 Ne6 24. b3 Rc8 25.
Ba3+ Kd7 26. Rxh1 1-0

[Event "*** Qualifier 3: Titled Tuesday 3|2 Blitz"]
[Site "Chess.com"]
[Date "2017.04.18"]
[Round "7"]
[White "Enzy63"]
[Black "Jamaladam12200620"]
[Result "0-1"]
[WhiteElo "2017"]
[BlackElo "1985"]
[TimeControl "180+2"]
[EndTime "14:32:48 PDT"]
[Termination "Jamaladam12200620 won on time"]

1. d4 d5 2. Nf3 Nf6 3. c4 dxc4 4.
e3 c5 5. Bxc4 cxd4 6. O-O e6 7.
exd4 Nc6 8. Nc3 Be7 9. a3 O-O 10. Bg5 h6 11. Bh4 a6 12. Qd3 b5 13. Bb3 Qb6 14. Bxf6 Bxf6 15. d5 Rd8 16. Qe4 Na5 17. Bc2 Nc4 18. Qh7+ Kf8 19. Be4 Bb7 20. dxe6 fxe6 21.
Bxb7 Qxb7 22. Rfe1 Nxb2 0-1

[Event "*** Qualifier 3: Titled Tuesday 3|2 Blitz"]
[Site "Chess.com"]
[Date "2017.04.18"]
[Round "7"]
[White "sorito"]
[Black "oskariot"]
[Result "0-1"]
[WhiteElo "2407"]
[BlackElo "2444"]
[TimeControl "180+2"]
[EndTime "14:32:52 PDT"]
[Termination "oskariot won by resignation"]

1. d4 Nf6 2. Nf3 g6 3. e3 Bg7 4. b3 d6 5. Bb2 O-O 6. Be2 Nbd7 7. O-O e5 8. dxe5 Ng4 9. Nbd2 Ngxe5 10. Nxe5 Nxe5 11.
Qc1 h5 12. c4 h4 13. h3 Bf5 14. Bc3 Qf6 15. Kh1 Qe7 16. Qb2 f6 17. e4 Bd7 18.
f4 Nc6 19. Bd3 f5 20. Rae1 Bxc3 21. Qxc3 Qg7 22. e5 Rae8 23. Nf3 dxe5 24. Nxe5 Nxe5 25. fxe5 Be6 26. Qd4 Rd8 27. Qe3 c5 28. Be2 Rd4 29. Bf3 b6 30. Qg5 Rfd8 31. Bd5 Re8 32. Rf4 Bxd5 33. Rxd4 Bxg2+ 34. Qxg2 cxd4 35. Qd5+ Qf7 36. Qxd4 f4 37. Qd6 Qf5 38. Kh2 f3 39. Qd5+ Kg7 40. e6 Qc2+ 0-1

[Event "*** Qualifier 3: Titled Tuesday 3|2 Blitz"]
[Site "Chess.com"]
[Date "2017.04.18"]
[Round "7"]
[White "kikydu96"]
[Black "biostatistician"]
[Result "1-0"]
[WhiteElo "2364"]
[BlackElo "2455"]
[TimeControl "180+2"]
[EndTime "14:33:23 PDT"]
[Termination "kikydu96 won by resignation"]

1. e4 e6 2. d4 d5 3. Nc3 Nf6 4. e5 Nfd7 5. f4 c5 6. Nf3 Nc6 7. Be3 a6 8. Qd2 b5 9. dxc5 Bxc5 10.
Bd3 Qb6 11. Bf2 O-O 12. O-O Bxf2+ 13. Rxf2 Nc5 14. Qe3 h6 15. Ne2 Na4 16. Qxb6 Nxb6 17.
Ned4 Nxd4 18. Nxd4 Bd7 19. b3 b4 20. f5 exf5 21. Bxf5 Rae8 22. Re1 Re7 23. Bxd7 Rxd7 24. e6 fxe6 25. Rxf8+ Kxf8 26. Rxe6 Rb7 27. Kf2 Kf7 28. Rc6 a5 29. Rc5 a4 30. Rb5 axb3 31. axb3 Kf6 32. Rxb4 Ke5 33. Nf3+ Kd6 34. Ke3 Kc5 35. c3 Re7+ 36.
Kd2 Ra7 37. Nd4 Ra2+ 38. Nc2 g5 39. g4 Rb2 40. Kc1 Ra2 41. Kb1 Ra8 42. Nd4 Re8 43.
Rb5+ Kd6 44. Rxb6+ Ke5 45. Rxh6 Kf4 46. Re6 Kxg4 47. Rxe8 1-0

[Event "*** Qualifier 3: Titled Tuesday 3|2 Blitz"]
[Site "Chess.com"]
[Date "2017.04.18"]
[Round "7"]
[White "Izoria123"]
[Black "jefferyx"]
[Result "0-1"]
[WhiteElo "2640"]
[BlackElo "2631"]
[TimeControl "180+2"]
[EndTime "14:33:26 PDT"]
[Termination "jefferyx won by resignation"]

1. Nf3 c5 2. c4 Nf6 3. Nc3 d5 4.
cxd5 Nxd5 5. g3 Nc6 6. Bg2 Nc7 7. a3 e5 8. O-O Be7 9. b4 cxb4 10. axb4 a6 11. b5 axb5 12. Rxa8 Nxa8 13. Nxb5 O-O 14. d3 Be6 15. Be3 Qa5 16. Qb1 Bb4 17. Ng5 Qxb5 18. Nxe6 fxe6 19. Qb3 Nc7 20. Rb1 Nd5 21. Bd2 Nd4 22.
Qd1 Qa5 23. Bxd5 Bxd2 24. Bxb7 Bb4 25. Be4 Bc5 26. e3 Nf5 27. Qb3 Qa6 28. Qb2 Nd6 29. Qxe5 Nxe4 30. Qxe4 Qa2 31. Rf1 g6 32. d4 Be7 33. h4 Rf5 34. Qb1 Rxf2 35. Qb8+ Rf8 36. Rxf8+ Bxf8 37. Qe5 Qd5 38. Qf4 Bd6 0-1

[Event "*** Qualifier 3: Titled Tuesday 3|2 Blitz"]
[Site "Chess.com"]
[Date "2017.04.18"]
[Round "7"]
[White "alekroth64"]
[Black "saraswathii"]
[Result "0-1"]
[WhiteElo "2240"]
[BlackElo "2226"]
[TimeControl "180+2"]
[EndTime "14:33:28 PDT"]
[Termination "saraswathii won by resignation"]

1. d4 d5 2. c4 e6 3. Nf3 Nf6 4. Bg5 c5 5. cxd5 exd5 6. Nc3 Be6 7.
g3 Nc6 8. Bg2 c4 9. O-O h6 10.
Bxf6 Qxf6 11. b3 Bb4 12. Rc1 O-O 13. bxc4 dxc4 14. Ne4 Qf5 15. Nh4 Qa5 16. e3 Qxa2 17.
d5 Rfd8 18. dxe6 Rxd1 19. exf7+ Kxf7 20. Rfxd1 Rd8 21. Rf1 Ne5 22. Ra1 Qe2 23. Rxa7 Rd7 24. f4 Qxe3+ 25. Kh1 Qxa7 26. fxe5+ Ke8 27. e6 Rc7 28. Ng6 c3 29. Bf3 Qe3 30. Ne5 c2 31. Bh5+ Kd8 32. Nf7+ Rxf7 33. exf7 Qxe4+ 34. Bf3 c1=Q 0-1

[Event "*** Qualifier 3: Titled Tuesday 3|2 Blitz"]
[Site "Chess.com"]
[Date "2017.04.18"]
[Round "7"]
[White "Keranke"]
[Black "Cayse"]
[Result "1-0"]
[WhiteElo "2643"]
[BlackElo "2633"]
[TimeControl "180+2"]
[EndTime "14:33:45 PDT"]
[Termination "Keranke won by resignation"]

1. d4 Nf6 2. Nf3 e6 3. Bf4 d5 4. e3 Bd6 5. Ne5 c6 6. Nd2 Qc7 7. Bd3 Nbd7 8. Ndf3 g6 9. g4 Ne4 10.
g5 c5 11. c3 O-O 12. h4 f6 13. gxf6 Ndxf6 14. Ng5 Nh5 15. Bxe4 dxe4 16. Bh2 cxd4 17. exd4 e3 18. fxe3 Bxe5 19. Bxe5 Qc6 20. Rg1 h6 21. Qd3 Rf5 22. e4 Rxe5 23. dxe5 hxg5 24. Qd8+ Kh7 25. O-O-O b6 26. Rgf1 Ba6 27. Rf7+ 1-0

[Event "*** Qualifier 3: Titled Tuesday 3|2 Blitz"]
[Site "Chess.com"]
[Date "2017.04.18"]
[Round "7"]
[White "ABDELAZEEZ-M"]
[Black "Rating-Schmating"]
[Result "0-1"]
[WhiteElo "2118"]
[BlackElo "2298"]
[TimeControl "180+2"]
[EndTime "14:33:48 PDT"]
[Termination "Rating-Schmating won by resignation"]

1. d4 Nf6 2. c4 e6 3. Nf3 Bb4+ 4.
Nbd2 c5 5. dxc5 Bxc5 6. g3 b6 7. Bg2 Bb7 8. O-O Be7 9. Qc2 d6 10. e4 Nbd7 11. Re1 Qc7 12. b3 a6 13. Bb2 O-O 14.
Rac1 Rfe8 15. Nf1 Nc5 16. N3d2 Rad8 17. Ne3 Qb8 18. b4 Ncd7 19. a3 Rc8 20. Qb3 Qa8 21.
Qd3 Ne5 22. Bxe5 dxe5 23. Red1 Red8 24. Qb1 Rd4 25. f3 Rcd8 26. Nb3 Rxd1+ 27. Rxd1 Rxd1+ 28. Qxd1 Qd8 29. Qxd8+ Bxd8 30. c5 bxc5 31. Nxc5 Bb6 32. Nc4 Bxc5+ 33. bxc5 Nd7 34. Bf1 Nxc5 35. Nxe5 f6 36.
Nc4 Bc6 37. Nd6 Kf8 38. Kf2 Ke7 39. Nc4 Bb5 40. Ke3 Bxc4 41. Bxc4 e5 42. Kd2 Kd6 43.
Kc3 a5 44. Bg8 h6 45. Bc4 Na4+ 46. Kb3 Nb6 47. a4 Kc5 48. Be2 Kd4 49. Kc2 Nxa4 50. Bb5 Nc5 51. Be2 a4 52. Bd1 Ke3 53. Kc3 a3 54. Kc2 Kd4 55. Be2 a2 56. Kb2 Na4+ 57.
Ka1 Ke3 58. Ba6 Nc3 59. Bc4 Kxf3 60. Bd5 f5 61. exf5+ Nxd5 62. Kxa2 e4 63. Kb3 e3 64. Kc4 e2 65. Kxd5 e1=Q 0-1

[Event "*** Qualifier 3: Titled Tuesday 3|2 Blitz"]
[Site "Chess.com"]
[Date "2017.04.18"]
[Round "7"]
[White "Yaacovn"]
[Black "Sebastian"]
[Result "1-0"]
[WhiteElo "2614"]
[BlackElo "2647"]
[TimeControl "180+2"]
[EndTime "14:33:51 PDT"]
[Termination "Yaacovn won by resignation"]

1. d4 d5 2. Nf3 Nf6 3. Bf4 e6 4. e3 c5 5. c3 Nc6 6. Nbd2 cxd4 7. exd4 Nh5 8. Be5 Be7 9. Bd3 O-O 10. O-O Nxe5 11. Nxe5 Nf4 12. Bc2 Bd6 13. Re1 f6 14.
Nef3 e5 15. g3 Nh3+ 16. Kg2 e4 17. Ng1 Nxg1 18. Kxg1 f5 19. Bb3 Kh8 20. Nf1 Be6 21.
f3 Qg5 22. Qe2 f4 23. fxe4 fxg3 24. hxg3 Bxg3 25. Nxg3 Qxg3+ 26. Qg2 Qh4 27. Qh2 Qg5+ 28. Qg2 Qh4 29. Qh2 Bh3 30. Re3 Rf4 31. Rxh3 Qg5+ 32. Kh1 h6 33. Rg1 Rg4 34. Rxg4 Qxg4 35. Rxh6+ 1-0

[Event "*** Qualifier 3: Titled Tuesday 3|2 Blitz"]
[Site "Chess.com"]
[Date "2017.04.18"]
[Round "7"]
[White "Rodalquilar"]
[Black "MITerryble"]
[Result "1-0"]
[WhiteElo "2557"]
[BlackElo "2637"]
[TimeControl "180+2"]
[EndTime "14:33:52 PDT"]
[Termination "Rodalquilar won by resignation"]

1. d4 e6 2. Bf4 Nf6 3. e3 d6 4.
Nf3 h6 5. h3 g5 6. Bh2 Bg7 7.
Nc3 a6 8. e4 b5 9. a3 Bb7 10.
Bd3 c5 11. dxc5 dxc5 12. e5 Nd5 13. Ne4 O-O 14. Nxc5 Bc6 15. Qe2 Qb6 16. Ne4 Nd7 17. c3 Nf4 18. Bxf4 gxf4 19. Nd6 Bxf3 20. gxf3 Nxe5 21.
Ne4 Rad8 22. Bc2 Qc6 23. Rg1 f5 24. Nf6+ Rxf6 25. Qxe5 Qd6 26. Qxf6 Rd7 27. Rd1 1-0

[Event "*** Qualifier 3: Titled Tuesday 3|2 Blitz"]
[Site "Chess.com"]
[Date "2017.04.18"]
[Round "7"]
[White "iturrizaga"]
[Black "A-Fier"]
[Result "1-0"]
[WhiteElo "2648"]
[BlackElo "2523"]
[TimeControl "180+2"]
[EndTime "14:33:58 PDT"]
[Termination "iturrizaga won by resignation"]

1. Nf3 Nf6 2. c4 g6 3. g3 Bg7 4. Bg2 d5 5. O-O c5 6. cxd5 Nxd5 7. a3 Nc6 8. Qc2 b6 9. d4 O-O 10. e4 Nf6 11. d5 Na5 12. Nc3 c4 13. Bf4 Nd7 14. Rad1 Nc5 15. Be3 Ncb3 16. Rfe1 Bb7 17. e5 Rc8 18. h4 Nc5 19. Bxc5 Rxc5 20. Ng5 Nb3 21. f4 Rc8 22. h5 Nc5 23. hxg6 hxg6 24.
Bh3 Nd3 25. Bxc8 Nxe1 26. Rxe1 Qxc8 27. Qh2 Rd8 28. e6 Qc5+ 29. Kf1 Bxd5 30. Nxd5 Qxd5 31. exf7+ Kf8 32. Qh7 e5 33. Qg8+ Ke7 34. f8=Q+ Bxf8 35.
Rxe5+ 1-0

[Event "*** Qualifier 3: Titled Tuesday 3|2 Blitz"]
[Site "Chess.com"]
[Date "2017.04.18"]
[Round "7"]
[White "WanderingPuppet"]
[Black "aa175"]
[Result "1-0"]
[WhiteElo "2297"]
[BlackElo "1828"]
[TimeControl "180+2"]
[EndTime "14:34:04 PDT"]
[Termination "WanderingPuppet won by checkmate"]

1. e4 e5 2. Nf3 Nc6 3. Bb5 Nf6 4. O-O Bc5 5. c3 Nxe4 6. Qe2 Nxf2 7. d4 e4 8. Rxf2 O-O 9. Qxe4 d5 10. Qh4 Qxh4 11. Nxh4 Nxd4 12. cxd4 Bxd4 13. Nf3 Bxf2+ 14. Kxf2 c6 15.
Bd3 Bg4 16. Ne5 Be6 17. Nc3 f6 18. Nf3 Kf7 19. Bf4 g5 20. Be3 h5 21. h4 g4 22. Ng1 f5 23. Nge2 b6 24. Nf4 c5 25.
Ncxd5 Rad8 26. Nxe6 Kxe6 27. Nf4+ Ke5 28. Bd2 Kd4 29.
Bc3# 1-0

[Event "*** Qualifier 3: Titled Tuesday 3|2 Blitz"]
[Site "Chess.com"]
[Date "2017.04.18"]
[Round "7"]
[White "RaphaeI"]
[Black "ChessQueen"]
[Result "0-1"]
[WhiteElo "2403"]
[BlackElo "2674"]
[TimeControl "180+2"]
[EndTime "14:34:05 PDT"]
[Termination "ChessQueen won by resignation"]

1. Nf3 Nf6 2. c4 b6 3. g3 Bb7 4. Bg2 c5 5. O-O e6 6. Nc3 Be7 7. Re1 d5 8. cxd5 exd5 9. d4 O-O 10. Bf4 Na6 11. Ne5 cxd4 12. Qxd4 Bc5 13. Qa4 Qe8 14. a3 Qxa4 15. Nxa4 Rfe8 16. Rad1 Ne4 17.
Bxe4 dxe4 18. Rd7 Bc8 19. Nxc5 Nxc5 20. Rd4 g5 21. Bxg5 Rxe5 22. Bf6 Re8 23. b4 Nd7 24. Bg5 Nf8 25. Rd6 Ba6 26. e3 Rac8 27. h4 Re6 28.
Red1 Bd3 29. Rd4 Rec6 30. Kh2 Ne6 31. Rd5 Kg7 32. g4 h6 33. Bf4 Nxf4 34. exf4 Be2 35. Rg1 Rc3 36. h5 Rf3 37. g5 Rxf2+ 38. Rg2 Rxg2+ 39.
Kxg2 Bxh5 0-1

[Event "*** Qualifier 3: Titled Tuesday 3|2 Blitz"]
[Site "Chess.com"]
[Date "2017.04.18"]
[Round "7"]
[White "peteseeger"]
[Black "proxy6"]
[Result "0-1"]
[WhiteElo "2118"]
[BlackElo "2211"]
[TimeControl "180+2"]
[EndTime "14:34:06 PDT"]
[Termination "proxy6 won by resignation"]

1. e4 e5 2. Nf3 Nc6 3. Bc4 Bc5 4. O-O Nf6 5. d3 a6 6. c3 Ba7 7.
Bb3 O-O 8. h3 h6 9. Re1 d6 10.
Nbd2 Be6 11. Nf1 Re8 12. Be3 d5 13. Bxa7 Rxa7 14. Ng3 Ra8 15. Qe2 Qd7 16. Rad1 d4 17.
Bxe6 fxe6 18. c4 Qf7 19. Rf1 Rf8 20. Rb1 Nh5 21. Nxh5 Qxh5 22. Nxd4 Qxe2 23. Nxe2 Rad8 24. Rbd1 Nb4 25. Nc1 Rd4 26. a3 Nc6 27. f3 Rfd8 28. Kf2 Na5 29. Ke2 b5 30. b4 Nc6 31. Nb3 R4d6 32.
c5 R6d7 33. f4 exf4 34. Rxf4 Ne5 35. Nc1 Nc4 36. Rf3 Nxa3 37. d4 Nc2 0-1

[Event "*** Qualifier 3: Titled Tuesday 3|2 Blitz"]
[Site "Chess.com"]
[Date "2017.04.18"]
[Round "7"]
[White "tigra"]
[Black "Aygehovit1992"]
[Result "1-0"]
[WhiteElo "2608"]
[BlackElo "2426"]
[TimeControl "180+2"]
[EndTime "14:34:07 PDT"]
[Termination "tigra won on time"]

1. d4 d6 2. c4 g6 3. Nc3 Bg7 4. Bg5 Nc6 5. e3 h6 6. Bh4 Nf6 7. Bd3 e5 8. d5 Ne7 9. f3 c6 10. Nge2 O-O 11. e4 Nh5 12. dxc6 bxc6 13. c5 g5 14. cxd6 gxh4 15. dxe7 Qxe7 16. Qa4 Rd8 17. O-O-O Qg5+ 18. Kc2 Qxg2 19. Rhg1 Qxf3 20. Qxc6 Be6 21. Qc7 Rac8 22. Qxe5 Rxd3 23. Rxd3 Qxe2+ 24. Rd2 Rxc3+ 25. bxc3 Qc4 26. Rdg2 Qxa2+ 27. Kd3 Qa6+ 28. Ke3 Qb6+ 29. Kf3 Ng3 30. Rxg3 hxg3 31. Qxg3 Bg4+ 32. Kxg4 Qg6+ 33. Kf3 Qf6+ 34. Ke2 Qa6+ 35. Qd3 Qa2+ 36. Qd2 Qc4+ 37. Kf3 Qe6 38. Qd4 Qh3+ 39. Ke2 Qxh2+ 40. Kd3 Qh3+ 41. Kc2 Qh2+ 42. Kd1 Qh5+ 43. Kc1 f6 44. Qd8+ Kh7 45.
Qe7 1-0

[Event "*** Qualifier 3: Titled Tuesday 3|2 Blitz"]
[Site "Chess.com"]
[Date "2017.04.18"]
[Round "7"]
[White "roldieyi"]
[Black "DryCounty"]
[Result "0-1"]
[WhiteElo "2227"]
[BlackElo "2449"]
[TimeControl "180+2"]
[EndTime "14:34:07 PDT"]
[Termination "DryCounty won on time"]

1. d4 Nf6 2. Nf3 g6 3. c4 Bg7 4.
Nc3 O-O 5. e4 d6 6. Be2 e5 7. d5 Na6 8. O-O c5 9. a3 Ne8 10. Rb1 f5 11. Ng5 Nf6 12. f3 Qe7 13. exf5 gxf5 14. f4 e4 15. Be3 h6 16. Nh3 Bd7 17. Kh1 Kh7 18. Rg1 Rg8 19. Nf2 Bh8 20. Qc2 Rg6 21. g4 fxg4 22. Ncxe4 Nxe4 23. Nxe4 Bf5 24. Bd3 Re8 25. Ng5+ hxg5 26. Bxf5 Rg8 27. Rbe1 Qf7 28. fxg5 Kg7 29. Ref1 Nc7 30. Bd2 Re8 31. Bc3+ Re5 32. Qe4 Rxg5 33. Bxe5+ dxe5 0-1

[Event "*** Qualifier 3: Titled Tuesday 3|2 Blitz"]
[Site "Chess.com"]
[Date "2017.04.18"]
[Round "7"]
[White "Iball95"]
[Black "ka1ser64"]
[Result "0-1"]
[WhiteElo "2511"]
[BlackElo "2351"]
[TimeControl "180+2"]
[EndTime "14:34:17 PDT"]
[Termination "ka1ser64 won by resignation"]

1. Nf3 d5 2. c4 e6 3. g3 Nf6 4.
Bg2 Be7 5. O-O O-O 6. b3 dxc4 7.
b4 c5 8. bxc5 Bxc5 9. Qa4 Qc7 10. Na3 a6 11. Qxc4 b5 12. Qc2 Bb7 13. d4 Bd6 14. Qxc7 Bxc7 15. Nc2 Nbd7 16. a4 Be4 17. Nfe1 Ba5 18. axb5 axb5 19. f3 Bd5 20. Ne3 Bc3 21. Rxa8 Rxa8 22. Nxd5 Nxd5 23. e3 b4 24. Nd3 b3 25. f4 Ra2 26. f5 b2 27. fxe6 fxe6 28.
Bxb2 Bxb2 29. Bh3 Nf8 30. Nxb2 Rxb2 31. e4 Nc3 32. d5 exd5 33. e5 Re2 34. Rf3 d4 35.
Rd3 Rxe5 36. Kf2 Rd5 37. Bg2 Rd6 38. Kf3 Ne6 39. Rd2 Kf7 40. Bh3 Ng5+ 0-1

[Event "*** Qualifier 3: Titled Tuesday 3|2 Blitz"]
[Site "Chess.com"]
[Date "2017.04.18"]
[Round "7"]
[White "chessking2151"]
[Black "JusticeBot"]
[Result "0-1"]
[WhiteElo "2329"]
[BlackElo "2515"]
[TimeControl "180+2"]
[EndTime "14:34:25 PDT"]
[Termination "JusticeBot won by resignation"]

1. e4 e5 2. Nf3 Nc6 3. Bb5 a6 4.
Ba4 Nf6 5. d3 b5 6. Bb3 Bc5 7.
a4 Bb7 8. O-O O-O 9. Nc3 b4 10.
Nd5 h6 11. c3 d6 12. d4 exd4 13. cxd4 Ba7 14. Nxf6+ Qxf6 15. Bd5 Rab8 16. Be3 Na5 17. e5 Qe7 18. Bxb7 Rxb7 19. Rc1 dxe5 20. Nxe5 c5 21. Qg4 cxd4 22. Nc6 Nxc6 23. Bxh6 Qf6 24. Rxc6 Qe5 25. Bg5 f5 26. Qd1 f4 27. h4 Rd7 28. Re1 Qf5 29. Rxa6 d3 30. Qd2 f3 31. gxf3 Qxf3 32. Be3 Qg4+ 33. Kf1 Qh3+ 34. Kg1 Qg4+ 35. Kf1 Qxh4 36. Kg2 Qg4+ 37. Kf1 Bb8 38. f4 Bxf4 39. Bxf4 Rxf4+ 40. Qxf4 Qxf4+ 41. Kg2 Qd2+ 42. Kf1 Rf7+ 0-1

[Event "*** Qualifier 3: Titled Tuesday 3|2 Blitz"]
[Site "Chess.com"]
[Date "2017.04.18"]
[Round "7"]
[White "Ilja_Semjonovs"]
[Black "Lupul_Cenusiu"]
[Result "0-1"]
[WhiteElo "2198"]
[BlackElo "2462"]
[TimeControl "180+2"]
[EndTime "14:34:27 PDT"]
[Termination "Lupul_Cenusiu won by resignation"]

1. d4 Nf6 2. Nf3 c5 3. c3 e6 4. Bg5 h6 5. Bxf6 Qxf6 6. e3 a6 7. Bd3 Nc6 8. Nbd2 d5 9. Qe2 g6 10. O-O Be7 11. Rfe1 O-O 12. Rad1 b5 13. Bb1 Qg7 14.
Nb3 c4 15. Nbd2 a5 16. e4 b4 17. exd5 exd5 18. Ne5 Nxe5 19. Qxe5 Be6 20. Qc7 Bf6 21. Nf3 Rfc8 22. Qd6 bxc3 23. bxc3 Rab8 24. h3 Qf8 25. Qg3 Rb6 26. Ne5 Qg7 27. Bc2 Rb2 28. Ba4 Rxa2 29.
Bd7 Bxe5 30. dxe5 Bxd7 31. Rxd5 Be6 32. Rd6 Rb8 33. Red1 Rab2 34. Qf3 Rb1 35. Qe3 Rxd1+ 36. Rxd1 Ra8 37. Kh2 a4 38. Qe4 Qf8 39. f4 a3 40. g4 a2 41. f5 a1=Q 42. Rxa1 Rxa1 43. fxe6 Qe7 44. exf7+ Qxf7 45. Kg2 Ra2+ 0-1

[Event "*** Qualifier 3: Titled Tuesday 3|2 Blitz"]
[Site "Chess.com"]
[Date "2017.04.18"]
[Round "7"]
[White "chesstatour"]
[Black "cailinchetty"]
[Result "0-1"]
[WhiteElo "1953"]
[BlackElo "1944"]
[TimeControl "180+2"]
[EndTime "14:34:37 PDT"]
[Termination "cailinchetty won on time"]

1. e4 c5 2. Nf3 Nc6 3. d4 cxd4 4.
Nxd4 g6 5. Be2 Bg7 6. c3 Nf6 7. f3 O-O 8. O-O d5 9. exd5 Nxd5 10. Nxc6 bxc6 11. c4 Nb6 12. Qc2 Be6 13. Rd1 Qc7 14.
a4 a5 15. Bd2 Nd7 16. Bc3 Rfb8 17. Bxg7 Kxg7 18. Nc3 Nc5 19. Ne4 Nb3 20. Qc3+ Kg8 21.
Ra3 Qa7+ 22. Kh1 Nc5 23. Ng5 Rb4 24. Nxe6 Nxe6 25. b3 Rab8 26. Rb1 Qf2 27. Bf1 Qc5 28. Ra2 Nd4 29. Rd2 Ne6 30. g3 Qb6 31. Rd3 Nc5 32. Re3 Nxa4 33. Qe5 e6 34. Rd1 Nc5 35. h4 Rxb3 36. Rxb3 Nxb3 37. Be2 h5 38. g4 Rd8 39. Re1 Qf2 40. Bf1 Qxh4+ 41. Kg1 hxg4 42. Bg2 gxf3 43. Bxf3 Nd2 44. Bxc6 Qxc4 45. Rd1 Nf3+ 46. Bxf3 Rxd1+ 47. Bxd1 Qb4 48. Qe2 a4 49. Qa6 a3 50. Qc8+ Kg7 51. Qc2 a2 0-1

[Event "*** Qualifier 3: Titled Tuesday 3|2 Blitz"]
[Site "Chess.com"]
[Date "2017.04.18"]
[Round "7"]
[White "TenisMaster"]
[Black "Indianlad"]
[Result "0-1"]
[WhiteElo "2671"]
[BlackElo "2742"]
[TimeControl "180+2"]
[EndTime "14:34:43 PDT"]
[Termination "Indianlad won by resignation"]

1. e4 c6 2. Nc3 d5 3. Nf3 Nf6 4. e5 Ne4 5. Ne2 Qb6 6. d4 e6 7. Nfg1 f6 8. f3 Ng5 9. exf6 gxf6 10. f4 Nf7 11. Nf3 c5 12. c3 Nc6 13. a3 Bd7 14. Ng3 h5 15. Bd3 h4 16. Ne2 O-O-O 17. Be3 c4 18. Bc2 Nd6 19. O-O f5 20. Ne5 Be8 21.
Qd2 Qc7 22. Kh1 Rg8 23. Ng1 Be7 24. Nh3 Ne4 25. Bxe4 dxe4 26. Nxc4 Bh5 27. Qf2 Bg4 28. Ng5 Bxg5 29. fxg5 h3 30. g3 Bf3+ 31. Kg1 Bg2 32. Rfd1 Ne7 33. Bf4 Qxc4 34. d5 Nxd5 35. Qxa7 Nxf4 36.
gxf4 Bf3 37. Qa8+ Kc7 38. Qa5+ b6 39. Qa7+ Kc6 40. Rd4 Rxd4 0-1

[Event "*** Qualifier 3: Titled Tuesday 3|2 Blitz"]
[Site "Chess.com"]
[Date "2017.04.18"]
[Round "7"]
[White "Rogue_King"]
[Black "matiss90"]
[Result "0-1"]
[WhiteElo "2120"]
[BlackElo "2309"]
[TimeControl "180+2"]
[EndTime "14:34:44 PDT"]
[Termination "matiss90 won by checkmate"]

1. d4 Nf6 2. c4 g6 3. Nc3 Bg7 4. e4 d6 5. Be2 O-O 6. Nf3 Na6 7. O-O e5 8. Re1 exd4 9. Nxd4 Nc5 10. f3 a5 11. Be3 Re8 12. Qd2 Nh5 13.
g4 Nf6 14. Rad1 Bxg4 15. fxg4 Nfxe4 16. Nxe4 Nxe4 17. Qc2 Qh4 18. Bf3 Ng5 19. Qe2 Rxe3 20.
Qxe3 Bxd4 21. Rxd4 Qxe1+ 22. Qxe1 Nxf3+ 23. Kf2 Nxe1 24. Kxe1 Re8+ 25. Kf2 Re5 26. b3 f5 27. h3 Kf7 28. a3 Ke6 29. b4 axb4 30. axb4 Re4 31. gxf5+ gxf5 32. Rd3 Rxc4 33. Rb3 b5 34. Kf3 Ke5 35.
Kg3 h5 36. Kf3 f4 37. Rb1 Rc3+ 38. Kg2 Ke4 39. Re1+ Re3 40. Rc1 Re2+ 41. Kf1 Rb2 42. Rxc7 Rxb4 43. Rc3 d5 44. Rc5 h4 45. Ke2 f3+ 46. Kf2 Rb2+ 47. Kf1 Kf4 48. Rxd5 Kg3 49. Rg5+ Kxh3 50. Kg1 Rg2+ 51. Kh1 Re2 52. Rg1 Rh2# 0-1